 Dungeon Crawl Stone Soup version 0.16.1-14-g82efdee (webtiles) character file.

365 KarvaRausku the Cleaver (level 6, -2/51 HPs)
             Began as a Minotaur Fighter on Apr 14, 2015.
             Slain by an ogre
             ... wielding a +0 giant spiked club
              (13 damage)
             ... on level 4 of the Dungeon.
             The game lasted 00:04:20 (2616 turns).

KarvaRausku the Cleaver (Minotaur Fighter)          Turns: 2616, Time: 00:04:20

Health: -2/51      AC: 10    Str: 22    XL:     6   Next: 40%
Magic:  3/3        EV:  9    Int:  5    God:
Gold:   52         SH:  0    Dex: 10    Spells: 0 memorised, 5 levels left

rFire  . . .     SeeInvis .     a - +0 war axe
rCold  . . .     Clarity  .     b - +0 scale mail
rNeg   . . .     SustAb   .     (no shield)
rPois  .         Gourm    .     v - +2 hat
rElec  .         Spirit   .     n - +0 cloak
rCorr  .         Warding  .     (no gloves)
rMut   .         Stasis   .     (no boots)
MR     .....                    m - amulet of regeneration
Stlth  ..........               (no ring)
                                (no ring)

@: not resistant to hostile enchantments, extremely unstealthy
A: retaliatory headbutt, horns 2
a: no special abilities


You were on level 4 of the Dungeon.
You were not hungry.

You visited 1 branch of the dungeon, and saw 4 of its levels.

You collected 52 gold pieces.

Inventory:

Hand weapons
 a - a +0 war axe (weapon)
 C - a +0 war axe
Armour
 b - a +0 scale mail (worn)
 c - a +0 shield
 n - a +0 cloak (worn)
 u - a +0 large shield
 v - a +2 hat (worn)
Jewellery
 m - an amulet of regeneration (around neck)
 r - an uncursed amulet of clarity
Scrolls
 f - 2 scrolls of amnesia {unknown}
 g - 3 scrolls of magic mapping {unknown}
 i - 3 scrolls of identify {unknown}
 k - 3 scrolls of enchant armour {unknown}
 o - a scroll of teleportation {unknown}
 q - a scroll of remove curse {unknown}
 w - a scroll of random uselessness {unknown}
 y - a scroll of recharging {unknown}
 E - a scroll of enchant weapon {unknown}
Potions
 e - 2 potions of might
 h - a potion of flight {unknown}
 l - a potion of heal wounds
 p - a potion of lignification {unknown}
 x - a potion of poison {unknown}
 z - a potion of invisibility {unknown}
 B - a potion of mutation {unknown}
Books
 A - a book of Minor Magic

   Spells                             Type                      Level
   a - Magic Dart                     Conjuration                  1
   b - Blink                          Translocation                2
   c - Call Imp                       Summoning                    2
   d - Repel Missiles                 Charms/Air                   2
   e - Slow                           Hexes                        2
   f - Conjure Flame                  Conjuration/Fire             3
   g - Mephitic Cloud                 Conjuration/Poison/Air       3
Comestibles
 d - 5 bread rations
 j - a beef jerky
 s - 2 chunks of flesh
 t - a meat ration
 D - a slice of pizza


   Skills:
 - Level 3.6 Fighting
 + Level 8.3 Axes
 - Level 3.6 Armour
 - Level 3.6 Shields


You had 5 spell levels left.
You didn't know any spells.

Dungeon Overview and Level Annotations

Branches:
Dungeon (4/15)
 Temple: D:4-7

Altars:
Ashenzari
Elyvilon
Fedhas
Nemelex Xobeh
Ru

Annotations:
D:3 KarvaRausku's ghost, average HuFi


Innate Abilities, Weirdness & Mutations

You reflexively headbutt those who attack you in melee.
You have a pair of horns on your head.


Message History

You completely miss the ogre.
The ogre is moderately wounded.
The ogre hits you but does no damage.
You closely miss the ogre.
You headbutt the ogre, but do no damage.
The ogre is moderately wounded.
You completely miss the ogre.
The ogre is moderately wounded.
The ogre hits you with a giant spiked club!
* * * LOW HITPOINT WARNING * * *
You are too injured to fight recklessly!
You are too injured to fight recklessly!
You are too injured to fight recklessly!
A kobold comes into view.
The kobold shouts!
The ogre hits you with a giant spiked club!
* * * LOW HITPOINT WARNING * * *
There is a stone staircase leading up here.
The ogre hits you with a giant spiked club!
You die...

..... #..# #........ .... ..
##.###........ ... ...#
###.#......#### ..
...#..####.......#### ..
....................# .
.......#.............## #
........................# ##.
#................K......##.###..
#...............@O......##
#..... ...##..#...#...........##
#.†.# .......................#
#...# ......................##
##... ......#...#...........#
##..#. ..........##..........#
#..### ......#...##...........
##.##
##....####.#...........####..# #
#.##...# ####..#######......##
##


You could see an ogre and a kobold.

Vanquished Creatures
  2 iguanas (D:4)
  A hound (D:4)
  A jelly (D:4)
  An orc wizard (D:3)
  A worker ant (D:4)
  Jessica (D:2)
  7 adders
  4 gnolls (D:3)
  2 worms
  An adder skeleton (D:4)
  4 giant geckos
  4 orcs (D:3)
  3 giant cockroaches
  2 goblins
  6 hobgoblins
  12 jackals
  A kobold (D:1)
  2 quokkas (D:4)
  A ball python (D:1)
  5 bats
  3 giant newts
  5 rats
69 creatures vanquished.

Notes
Turn   | Place    | Note
--------------------------------------------------------------
     0 | D:1      | KarvaRausku, the Minotaur Fighter, began the quest for the Orb.
     0 | D:1      | Reached XP level 1. HP: 19/19 MP: 1/1
   492 | D:1      | Reached XP level 2. HP: 15/26 MP: 1/1
   940 | D:2      | Noticed Jessica
   946 | D:2      | Killed Jessica
   946 | D:2      | Reached skill level 4 in Axes
   946 | D:2      | Reached XP level 3. HP: 31/31 MP: 2/2
  1033 | D:2      | Found a shattered altar of Ashenzari.
  1128 | D:2      | Reached skill level 5 in Axes
  1383 | D:2      | Found a blossoming altar of Fedhas.
  1483 | D:2      | Found a sparkling altar of Nemelex Xobeh.
  1659 | D:3      | Reached XP level 4. HP: 22/39 MP: 2/2
  1738 | D:3      | Reached skill level 6 in Axes
  1841 | D:3      | Reached XP level 5. HP: 45/45 MP: 2/2
  1877 | D:3      | Found a sacrificial altar of Ru.
  1913 | D:3      | Noticed KarvaRausku's ghost (average HuFi)
  2004 | D:4      | Reached skill level 7 in Axes
  2244 | D:4      | Reached XP level 6. HP: 51/51 MP: 3/3
  2249 | D:4      | Found a white marble altar of Elyvilon.
  2460 | D:4      | Reached skill level 8 in Axes
  2580 | D:4      | Noticed an ogre
  2599 | D:4      | HP: 2/51 [ogre/giant spiked club (12)]
  2616 | D:4      | Slain by an ogre

Action                   |  1- 3 |  4- 6 || total
-------------------------+-------+-------++-------
Melee: War axe           |    71 |   119 ||   190
  Use: Potion            |     1 |       ||     1
 Stab: Paralysed         |       |     1 ||     1
  Eat: Chunk             |     1 |     5 ||     6
